Gotoss, chaotic female elven Wizard ----- |...-# |<..|## -------------- ....|# ---.--# #.............| ---.-# |.....a@########|............| ---------------- ## |...(|##########|............| |.............^. # .....| |............| |..............| # -.--.- |............| |........%......###########% -------------- ---------------- # # Gotoss the Conjurer Experience level: 5 Strength: 9 Dexterity: 13 Constitution: 12 Intelligence: 20 Wisdom: 11 Charisma: 10 Health: 0(28) Energy: 46(65) Def: 1 Gold: 258 Moves: 2549 Dungeon seed: H3b8J3uy5gXtuAx5 Game ID: Gotoss_1465940490 Your Inventory: Coins $ - 258 gold pieces Weapons a - a blessed +1 quarterstaff Armor e - an uncursed +0 orcish helm Comestibles u - an uncursed jackal corpse Scrolls h - an uncursed scroll of light i - an uncursed scroll of identify j - an uncursed scroll of confuse monster q - an uncursed scroll of blank paper Spellbooks k - a blessed spellbook of force bolt l - an uncursed spellbook of cure sickness Potions f - 2 uncursed potions of blindness Rings c - an uncursed +1 ring of protection (on right hand) d - an uncursed ring of free action (on left hand) w - an uncursed ring of stealth Wands b - a wand of polymorph (0:5) v - a wand of light (0:12) Tools m - an uncursed tooled horn Spells and supernatural/magical abilities: Name Level Category Fail Memory a - force bolt 1 attack 0% 88% K - cure sickness 3 healing 71% 88% W - pray for help -- divine ? -- Your skills at the end: Fighting Skills wands [Basic] Weapon Skills quarterstaff [Basic] Spellcasting Skills attack spells [Basic] enchantment spells [Basic] Final Attributes: You were piously aligned. You were sleep resistant. You saw invisible. You had infravision. You were protected. You had free action. You are dead. Vanquished creatures: a giant ant a little dog a kitten 2 kobold lords a giant bat 2 dwarf zombies a werejackal an iguana an acid blob 3 manes a large kobold a giant rat a yellow mold a green mold a gnome zombie a gecko 8 jackals a kobold 3 goblins a bat 4 lichens a kobold zombie 2 newts 40 creatures vanquished. Voluntary challenges: You used a wielded weapon 2 times, starting on turn 881. You read items or engraved 8 times, starting on turn 3. You never genocided any monsters. You never polymorphed an object. You changed form 3 times, starting on turn 2018. You used no wishes. You never split a pudding. You never wrote Elbereth's name. You violated your moral code, losing 15 points of alignment, starting on turn 16. Dungeon overview: The Dungeons of Doom: levels 1 to 3 Level 1 a long staircase Level 2 a fountain Level 3 <- You were here History has recorded: On T:1 you entered the Dungeons of Doom to retrieve the Amulet of Yendor! On T:16 you advanced to experience level 2. On T:66 you advanced to experience level 3. On T:657 you reached level 2 of The Dungeons of Doom. On T:686 you advanced to experience level 4. On T:2404 you advanced to experience level 5. On T:2450 you reached level 3 of The Dungeons of Doom. Score breakdown: Gold: 258 ( 8209 points) Experience: 5 levels (11141 points) Exploration: 3 levels ( 6.00%) ( 6060 points) Discoveries: 1 item ( 0.36%) ( 1792 points) Valuables value: (no points given unless you survive) Artifact value: 0 ( 0 points) Variety of kills: 23 monsters ( 6.01%) ( 7351 points) Turncount: 2549 turns ( -359 points) Survival: died (score multiplied by 80%) Total score: 27355 Latest messages: The force bolt misses the giant ant. A door appears in the wall! The door crashes open! The giant ant bites! (2x) The force bolt misses the giant ant. The giant ant bites! The force bolt misses the giant ant. The giant ant bites! (2x) The force bolt misses the giant ant. The giant ant bites! (2x) The force bolt misses the giant ant. The giant ant bites! (2x) You die... Final status: Goodbye Gotoss the Wizard, killed by a giant ant... You died in The Dungeons of Doom on dungeon level 3 with 27355 points, and 258 pieces of gold, after 2549 moves. You were level 5 with a maximum of 28 hit points when you died.